 Dungeon Crawl Stone Soup version 0.28.0-53-g5a82cb258f (webtiles) character file.

Game seed: 1370125323830100294

299 Plasmagod the Magician (level 6, -7/41 HPs)
             Began as a Djinni Conjurer on July 19, 2022.
             Mangled by a hobgoblin
             ... wielding the +8 trident of the Octopus King {venom, rElec rPois}
              (9 damage)
             ... on level 3 of the Dungeon.
             The game lasted 00:10:06 (4158 turns).

Plasmagod the Magician (Djinni Conjurer)            Turns: 4158, Time: 00:10:07

Health: -7/41      AC:  3    Str:  6    XL:     6   Next: 63%
Gold:   109        EV: 12    Int: 22    God:
                   SH:  0    Dex: 11

rFire   + + .      SeeInvis .   h - +1 dagger (venom)
rCold   x . .      Faith    .   (no shield)
rNeg    . . .      Spirit   .   a - +0 robe
rPois   ∞          Reflect  .   d - +1 hat
rElec   .          Harm     .   (no cloak)
rCorr   .          Rampage  .   (no gloves)
Will    .....                   (boots unavailable)
Stlth   ++........              (no amulet)
HPRegen 0.13/turn               g - +4 ring of slaying
MPRegen 0.00/turn               (no ring)

@: on blink cooldown, flying, very slightly contaminated
A: sickness immunity, fire resistance 2, cold vulnerability 1, float, innate
caster, HP casting, extra vitality 1
a: no special abilities


You were on level 3 of the Dungeon.
You visited 1 branch of the dungeon, and saw 3 of its levels.

You collected 109 gold pieces.

Inventory:

Hand Weapons
 b - a +0 dagger of freezing
 h - a +1 dagger of venom (weapon)
Missiles
 f - a throwing net
Armour
 a - a +0 robe (worn)
 d - a +1 hat (worn)
Jewellery
 g - a +4 ring of slaying (left hand)
Scrolls
 c - 2 scrolls of identify {unknown}
 e - a scroll of teleportation {unknown}
 i - a scroll of enchant armour {unknown}
 k - a scroll of enchant weapon {unknown}
 n - a scroll of fear {unknown}
Potions
 j - 2 potions of curing {unknown}
 l - 2 potions of lignification {unknown}
 m - a potion of heal wounds {unknown}


   Skills:
 + Level 0.4 Fighting
 + Level 2.3 Dodging
 + Level 2.1 Stealth
 + Level 5.6 Spellcasting


You couldn't memorise any spells.
You knew the following spells:

 Your Spells              Type           Power      Damage    Failure   Level
a - Magic Dart            Conj           100%       1d8       1%          1
b - Searing Ray           Conj           60%        2d6       1%          2
c - Dazzling Flash        Conj/Hex       60%        N/A       2%          3
d - Fulminant Prism       Conj/Hex       15%        3d11      10%         4
e - Iskenderun's Mystic   Conj/Tloc      30%        2d8       10%         4
f - Shock                 Conj/Air       100%       1d9       1%          1
g - Blink                 Tloc           60%        N/A       1%          2
Your spell library was empty.

Dungeon Overview and Level Annotations

Branches:
Dungeon (3/15)

Altars:
Nemelex Xobeh
Okawaru
Ru
Sif Muna


Innate Abilities, Weirdness & Mutations

You are immune to sickness and miasma.
You are immune to poison.
Your flesh is very heat resistant. (rF++)
You are vulnerable to cold. (rC-)
You float through the air rather than walking.
You learn spells naturally, not from books.
Your magical power is your life essence.
You have superior vitality. (+4 MHP)


Message History

Confirm with . or Enter, or press ? or * to list all spells.
The spell is quite dangerous to miscast (10% risk of failure)!
Continue anyway?
You erupt in a blast of force!
The mystic blast hits the ogre!
The ogre is moderately wounded.
The ogre is knocked back by the mystic blast.
* * * LOW HITPOINT WARNING * * *
Casting: Iskenderun's Mystic Blast (quite dangerous; 10% risk of failure)
Confirm with . or Enter, or press ? or * to list all spells.
The spell is quite dangerous to miscast (10% risk of failure)!
Continue anyway?
Aiming: Fulminant Prism (quite dangerous; 10% risk of failure)
Press: ? - help, Dir - move target You conjure a prism of explosive energy!
* * * LOW HITPOINT WARNING * * *
A fulminant prism comes into view.
The ogre closely misses you.
Your fulminant prism crackles loudly.
Casting: Fulminant Prism (quite dangerous; 10% risk of failure)
Confirm with . or Enter, or press ? or * to list all spells.
Okay, then.
Casting: Fulminant Prism (quite dangerous; 10% risk of failure)
Confirm with . or Enter, or press ? or * to list all spells.
The spell is quite dangerous to miscast (10% risk of failure)!
Continue anyway?
You miscast Iskenderun's Mystic Blast.
You are very lightly contaminated with residual magic.
Nothing appears to happen.
* * * LOW HITPOINT WARNING * * *
Your fulminant prism explodes!
The blast of energy engulfs the ogre!!
The ogre is almost dead.
You hear a shout! x2
Casting: Iskenderun's Mystic Blast (quite dangerous; 10% risk of failure)
Confirm with . or Enter, or press ? or * to list all spells.
You don't have enough health to cast this spell.
A hobgoblin comes into view.
It is wielding the +8 trident of the Octopus King {venom, rElec rPois}.
Casting: Iskenderun's Mystic Blast (quite dangerous; 10% risk of failure)
Confirm with . or Enter, or press ? or * to list all spells.
You blink.
* * * LOW HITPOINT WARNING * * *
The hobgoblin hits you with the +8 trident of the Octopus King {venom, rElec rPois}!
You die...

#######....##........######## #.#
...........##..#####.# #....###.#
.##..###.#.##..# #.# #.##.#....
.......)....#..# #.# #.#...####
..####.####....# #.###.#.......
..##.....##..#.# #.<.#.########
..#.......#....#######.#.........
..#.......#....g...###.....#####.
......_.......#.@........#.#####.
..#.......#...#....#####.#.....##
).#.......#.###....'.#.#.#.......
..##.....##........#..§........#.
#.####.####......#######.#.....#>
#................# #.....#.......
####################.#######.####
#....))....#
#####################.)#######


You could see a hobgoblin.

Vanquished Creatures
  2 hounds (D:3)
  A bullfrog skeleton (D:3)
  2 adders
  9 gnolls
  2 worms (D:2)
  4 dart slugs
  4 orcs (D:3)
  4 bats
  An endoplasm (D:2)
  3 giant cockroaches
  11 goblins
  2 hobgoblins
  23 jackals
  5 kobolds
  2 quokkas
  2 ball pythons
  A frilled lizard (D:2)
  7 rats
85 creatures vanquished.

Vanquished Creatures (others)
  2 fulminant prisms (D:3)
  A plant (D:3)
3 creatures vanquished.

Grand Total: 88 creatures vanquished

Notes
Turn   | Place    | Note
-------+----------+-------------------------------------------
     0 | D:1      | Plasmagod the Djinni Conjurer began the quest for the Orb.
     0 | D:1      | Reached XP level 1. HP: 15/15 MP: 0/0
   449 | D:1      | Reached XP level 2. HP: 14/21 MP: 0/0
  1058 | D:1      | Reached XP level 3. HP: 24/25 MP: 0/0
  1058 | D:1      | Learned a level 1 spell: Shock
  1736 | D:2      | Reached skill level 4 in Spellcasting
  1740 | D:2      | Reached XP level 4. HP: 24/31 MP: 0/0
  2235 | D:2      | Reached XP level 5. HP: 29/35 MP: 0/0
  2235 | D:2      | Learned a level 2 spell: Blink
  2887 | D:3      | Found a sacrificial altar of Ru.
  2961 | D:3      | Found a sparkling altar of Nemelex Xobeh.
  3063 | D:3      | Reached skill level 5 in Spellcasting
  3080 | D:3      | Reached XP level 6. HP: 23/40 MP: 0/0
  3524 | D:3      | Found an iron altar of Okawaru.
  3815 | D:3      | Noticed an ogre
  3819 | D:3      | HP: 2/41 [ogre/+0 giant spiked club (14)]
  4158 | D:3      | Mangled by a hobgoblin

Illustrated notes

Levels and vault maps discovered:
D:1:      co_arrival_two_rings, layout_loops_ring, serial_co_window_serial,
          co_window_paths_a, co_window_corner_a, co_window_paths_a,
          co_window_corner_a, co_window_paths_a, co_window_corner_b,
          co_window_of_opportunity_c, co_window_2corner, co_window_paths_d,
          grunt_decor_junction
D:2:      layout_rooms, minmay_heptomino_w4
D:3:      lemuel_castle_with_subvaults [lemuel_castle_interior_carwin_3],
          layout_basic, old_standard_altar, okawaru_ov_weapons_minmay,
          nicolae_sif_muna_condensation, nemelex_xobeh_ov_fountains_minmay,
          kennysheep_generic_room_6, uniq_terence

Skill      XL: |  1  2  3  4  5 |
---------------+----------------+-----
Spellcasting   | 4 5 |  5.6
Stealth        | 2 |  2.1
Fighting       | |  0.4
Dodging        | |  2.3

Action                   |  1- 3 |  4- 6 || total
-------------------------+-------+-------++-------
Melee: Dagger            |     1 |     2 ||     3
 Cast: Magic Dart        |    39 |    79 ||   118
       Searing Ray       |     5 |    13 ||    18
       Shock             |     3 |    14 ||    17
       Iskenderun's Myst |       |     5 ||     5
       Fulminant Prism   |       |     2 ||     2
       Blink             |       |     1 ||     1
Armor: Robe              |     1 |     1 ||     2
Dodge: Dodged            |     3 |    19 ||    22
